 Dungeon Crawl Stone Soup version 0.29-a0-330-g52719c12eb (webtiles) character file.

Game seed: 4733437379872774965

51 kae the Firebug (level 3, -1/28 HPs)
             Began as a Demigod Fire Elementalist on Apr 21, 2022.
             Slain by Terence
             ... wielding a +1 flail of holy wrath
              (9 damage)
             ... on level 3 of the Dungeon.
             The game lasted 00:00:37 (2344 turns).

kae the Firebug (Demigod Fire Elementalist)         Turns: 2344, Time: 00:00:37

Health: -1/28      AC:  2    Str:  9    XL:     3   Next: 38%
Magic:  6/8        EV: 12    Int: 21    God:
Gold:   163        SH:  0    Dex: 14    Spells: 3/6 levels left

rFire   . . .      SeeInvis .   c - +0 spear
rCold   . . .      Faith    .   (no shield)
rNeg    . . .      Spirit   .   a - +0 robe
rPois   +          Reflect  .   (no helmet)
rElec   .          Harm     .   (no cloak)
rCorr   .          Rampage  .   (no gloves)
Will    .....                   (no boots)
Stlth   ++........              (no amulet)
HPRegen 0.09/turn               l - ring of poison resistance
MPRegen 0.11/turn               (no ring)

@: studying Conjurations
A: high MP 1, forlorn, divine attributes
a: no special abilities


You were on level 3 of the Dungeon.
You visited 1 branch of the dungeon, and saw 3 of its levels.

You collected 163 gold pieces.

Inventory:

Hand Weapons
 c - a +0 spear (weapon)
Armour
 a - a +0 robe (worn)
Jewellery
 l - a ring of poison resistance (left hand)
Wands
 m - a wand of acid (5)
Scrolls
 e - a scroll of vulnerability {unknown}
 f - 2 scrolls of brand weapon {unknown}
 g - 7 scrolls of identify {unknown}
 n - a scroll of immolation {unknown}
Potions
 b - a potion of magic
 d - 3 potions of attraction {unknown}
 h - a potion of lignification {unknown}
 i - 2 potions of ambrosia {unknown}
 j - 2 potions of heal wounds {unknown}
 k - 2 potions of curing {unknown}


   Skills:
 + Level 1.1 Fighting
 - Level 1.7 Dodging
 - Level 1.7 Stealth
 + Level 2.2 Spellcasting
 + Level 1.6 Conjurations
 * Level 3.3 Fire Magic


You had 3 spell levels left.
You knew the following spells:

 Your Spells              Type           Power      Damage    Failure   Level
a - Foxfire               Conj/Fire      48%        2x1d6     5%          1
b - Scorch                Fire           32%        2d6       5%          2

Your spell library contained the following spells:

 Spells                   Type           Power      Damage    Failure   Level
 Sandblast                Erth           4%         2d4       14%         1
 Summon Small Mammal      Summ           8%         N/A       14%         1
 Conjure Flame            Conj/Fire      12%        6-21      16%         3
 Passwall                 Tmut/Erth      1%         N/A       22%         2
 Inner Flame              Hex/Fire       9%         N/A       22%         3
 Stone Arrow              Conj/Erth      10%        3d7       30%         3
 Call Canine Familiar     Summ           2%         N/A       41%         3
 Summon Guardian Golem    Hex/Summ       2%         N/A       41%         3
 Flame Wave               Conj/Fire      12%        2d6       45%         4
 Fulminant Prism          Conj/Hex       2%         3d6       71%         4
 Iskenderun's Mystic Bla  Conj/Tloc      5%         2d3       71%         4
 Animate Armour           Summ/Erth      4%         N/A       82%         4
 Lee's Rapid Deconstruct  Erth           1%         3d5*      99%         5
 Lehudib's Crystal Spear  Conj/Erth      2%         10d2      100%        8


Dungeon Overview and Level Annotations

Branches:
Dungeon (3/15)

Annotations:
D:3 Terence


Innate Abilities, Weirdness & Mutations

You have an increased reservoir of magic. (+10% MP)
You shall have no god before yourself.
Your divine heritage dramatically boosts your attributes as you level up.


Message History

Casting: Foxfire (safe; 5% risk of failure)
Confirm with . or Enter, or press ? or * to list all spells.
You conjure some foxfire!
The foxfire hits the ball python.
You kill the ball python!
Your foxfire dissipates!
Your foxfire dissipates!
Your foxfire dissipates!
Found a whip.
Casting: Foxfire (safe; 5% risk of failure)
Confirm with . or Enter, or press ? or * to list all spells.
You conjure some foxfire!
No target in view!
No target in view!
Your foxfire dissipates!
You now have 163 gold pieces (gained 4).
Things that are here:
a +0 club; a +0 hunting sling; a goblin corpse
Casting: Foxfire (safe; 5% risk of failure)
Confirm with . or Enter, or press ? or * to list all spells.
You conjure some foxfire!
Your foxfire dissipates!
Your foxfire dissipates!
Terence the Incautious comes into view.
He is wielding a +1 flail of holy wrath.
Terence shouts!
Terence drinks a potion.
Terence flickers and vanishes!
Deactivating autopickup; reactivate with Ctrl-A.
There is a strange disturbance nearby!
Casting: Foxfire (safe; 5% risk of failure)
Confirm with . or Enter, or press ? or * to list all spells.
You conjure some foxfire!
The foxfire hits something but does no damage.
Something hits you.
Casting: Foxfire (safe; 5% risk of failure)
Confirm with . or Enter, or press ? or * to list all spells.
You conjure some foxfire!
Something hits you!
The foxfire hits something but does no damage.
Something hits you!
* * * LOW HITPOINT WARNING * * *
Okay, then.
Something hits you!
You die...

####.####.##.........≈≈
......................
##......#.#.......≈...
#......#.#...........
#)....)#.#...........
#......#.####......##
#......#.# . ####.###.#
#@# .# #..# ##.# .# ..
#.# .# ..


There were no monsters in sight!

Vanquished Creatures
  An adder (D:3)
  A gnoll (D:1)
  3 dart slugs
  2 ball pythons
  A bat (D:2)
  2 endoplasms
  3 giant cockroaches
  4 goblins
  2 hobgoblins
  A kobold (D:3)
  2 frilled lizards
  3 rats
25 creatures vanquished.

Vanquished Creatures (others)
  100 foxfires
100 creatures vanquished.

Grand Total: 125 creatures vanquished

Notes
Turn   | Place    | Note
-------+----------+-------------------------------------------
     0 | D:1      | kae the Demigod Fire Elementalist began the quest for the
                  | Orb.
     0 | D:1      | Reached XP level 1. HP: 14/14 MP: 5/5
   113 | D:1      | Reached skill level 1 in Conjurations
   113 | D:1      | Reached skill level 3 in Fire Magic
   113 | D:1      | Reached XP level 2. HP: 19/22 MP: 2/7
   279 | D:1      | Learned a level 2 spell: Scorch
  1917 | D:2      | Reached XP level 3. HP: 27/27 MP: 6/8
  2146 | D:3      | Reached skill level 1 in Fighting
  2335 | D:3      | Noticed Terence
  2344 | D:3      | Slain by Terence

Illustrated notes

Levels and vault maps discovered:
D:1:      dpeg_arrival_solitude, layout_basic, ebering_ecumenical_altar_webs
D:2:      layout_basic, chequers_big_river, nrook_mini_vaults,
          grunt_ministairs_9, patterned_corridor
D:3:      layout_basic, skrybe_limestone_x, uniq_terence, uniq_grinder

Skill      XL: |  1  2  3 |
---------------+----------+-----
Conjurations   | 1 |  1.6
Fire Magic     | 3 |  3.3
Spellcasting   | 2 |  2.2
Fighting       | 1 |  1.1
Dodging        | |  1.7
Stealth        | |  1.7

Action                   || total
-------------------------++-------
Melee: Spear             ||    15
 Cast: Foxfire           ||    63
Armor: Robe              ||     2
Dodge: Dodged            ||    17

Table legend: (Time is in decaauts)
 A = Elapsed time spent in this place.
 B = Non-inter-level travel time spent in this place.
 C = Inter-level travel time spent in this place.
 D = Time resting spent in this place.
 E = Time spent auto-exploring this place.
 F = Levels seen in this place.
 G = Mean time per level.
                   A        B        C        D        E       F      G
               +--------+--------+--------+--------+--------+-----+--------+
         Total |   2351 |   2295 |     56 |      0 |   2062 |   3 |  783.7 |
       Dungeon |   2351 |   2295 |     56 |      0 |   2062 |   3 |  783.7 |
               +--------+--------+--------+--------+--------+-----+--------+

Top non-repeatable levels by time:
     D:2: 1178 daAuts
     D:1: 951 daAuts
     D:3: 221 daAuts
